 Dungeon Crawl Stone Soup version 0.30.1-3-gfc49f6343a (webtiles) character file.

Game seed: 14643520539334624038

568 safid the Chiller (level 7, -3/82 HPs)
             Began as a Merfolk Ice Elementalist on July 25, 2023.
             Slain by a mummy (8 damage)
             ... on level 5 of the Dungeon.
             The game lasted 00:08:44 (4043 turns).

safid the Chiller (Merfolk Ice Elementalist)        Turns: 4043, Time: 00:08:44

Health: -3/82      AC: 30    Str:  9    XL:     7   Next: 33%
Magic:  6/13       EV:  2    Int: 16    God:
Gold:   155        SH:  0    Dex: 14    Spells: 5/14 levels left

rFire   . . .        h - +0 long sword
rCold   . . .        (no shield)
rNeg    + . .        f - melded +2 robe {Will+}
rPois   +            s - melded +1 helmet
rElec   .            (cloak currently unavailable)
rCorr   .            (gloves currently unavailable)
SInv    .            (boots currently unavailable)
Will    .....        (no amulet)
Stlth   ++           p - ring of positive energy
HPRegen 0.33/turn    (no ring)
MPRegen 0.13/turn

%: no passive effects
@: ice-armoured, tree-form, marked
A: stationary, stasis, torment immunity, boosted hp, (nimble swimmer 2),
(mertail)
a: no special abilities


You were on level 5 of the Dungeon.
You were a tree.
You visited 2 branches of the dungeon, and saw 6 of its levels.

You collected 155 gold pieces.

Inventory:

Hand Weapons
 h - a +0 long sword (weapon)
Armour
 f - a +2 robe of willpower (melded)
 s - a +1 helmet (melded)
Jewellery
 p - a ring of positive energy (left branch)
Wands
 t - a wand of iceblast (1)
Scrolls
 c - 4 scrolls of enchant armour
 d - a scroll of identify
 e - a scroll of summoning
 k - 4 scrolls of teleportation
 n - a scroll of fog
 q - a scroll of silence
Potions
 b - a potion of magic
 g - a potion of cancellation
 i - a potion of flight {unknown}
 m - a potion of attraction {unknown}
 r - a potion of curing {unknown}
 u - a potion of brilliance {unknown}


   Skills:
 + Level 4.5 Fighting
 - Level 2.6 Dodging
 - Level 2.1 Stealth
 + Level 4.4 Spellcasting
 + Level 6.5 Ice Magic


You had 5 spell levels left.
You knew the following spells:

 Your Spells              Type           Power      Damage    Failure   Level
a - Freeze                Ice            96%        1d10      1%          1
b - Frozen Ramparts       Ice            48%        1d8       3%          3
c - Ozocubu's Armour      Ice            24%        N/A       3%          3
d - Ensorcelled Hibernat  Hex/Ice        26%        N/A       6%          2

Your spell library contained the following spells:

 Spells                   Type           Power      Damage    Failure   Level
 Summon Small Mammal      Summ           12%        N/A       16%         1
 Passwall                 Tmut/Erth      2%         N/A       24%         2
 Summon Ice Beast         Ice/Summ       13%        N/A       38%         4
 Call Canine Familiar     Summ           3%         N/A       43%         3
 Portal Projectile        Hex/Tloc       6%         N/A       43%         3
 Summon Guardian Golem    Hex/Summ       3%         N/A       43%         3
 Swiftness                Air            3%         N/A       43%         3
 Tukima's Dance           Hex            3%         N/A       43%         3
 Blade Hands              Tmut           1%         N/A       99%         5


Dungeon Overview and Level Annotations

Branches:
Dungeon (5/15)             Temple (1/1) D:4

Altars:
Cheibriados
Dithmenos
Elyvilon
Hepliaklqana
Makhleb
Xom
Yredelemnul
The Shining One

Portals:
Ossuary: D:5


Innate Abilities, Weirdness & Mutations

You are a tree.
Your roots penetrate the ground, keeping you stationary.
You cannot be teleported.
You are immune to unholy pain and torment.
Your maximum health is greatly increased.
Your equipment is partially melded.
((You are very nimble when in or above water. (Stealth+, EV+, Speed+++)))
((Your lower body shifts to a powerful aquatic tail in water.))


Message History

Casting: Frozen Ramparts (dangerous; 3% risk of failure)
Confirm with . or Enter, or press ? or * to list all spells.
A film of ice covers your body!
The mummy resists.
The wall freezes the mummy.
The mummy closely misses you.
The wall freezes the ogre.
The ogre hits you with a +0 giant club.
The mummy completely resists.
The wall freezes the mummy but does no damage.
The mummy closely misses you.
Unknown command.
You barely miss the mummy.
The mummy is heavily damaged.
The wall freezes the ogre.
The ogre closely misses you.
You barely miss the mummy.
The mummy is heavily damaged.
The frozen ramparts melt away.
The ogre hits you with a +0 giant club! The mummy hits you!
* * * LOW HITPOINT WARNING * * *
Unknown command.
You barely miss the mummy.
The mummy is heavily damaged.
An ufetubus comes into view.
The ogre barely misses you. The mummy hits you!
* * * LOW HITPOINT WARNING * * *
Unknown command.
You hit the ogre but do no damage.
The ogre is moderately wounded.
The ogre completely misses you. The mummy closely misses you.
An ice beast comes into view.
Unknown command.
Really quaff the potion of lignification?
You turn into a tree.
Your +1 helmet melds into your body.
Your +2 robe of willpower melds into your body.
You feel less strong-willed.
Your roots penetrate the ground.
The ogre hits you but does no damage.
Unknown command.
You hit the ogre.
The ogre is heavily wounded.
An adder comes into view.
The mummy hits you!
You die...

#.# #..+
#.### #..#
#.#.# #...
#...##
#####
#....#
#..#..#
#..##..#
#..###..#
#..##M♣..#
#..#
###O5# ..#
#..Y.#
#..#S#
...#.#
#.## # #..
.#


You could see an ice beast, an ogre, a mummy, an adder and an ufetubus.

Vanquished Creatures
  Sigmund (D:5)
  A scorpion (D:5)
  3 hounds
  2 orc wizards (D:4)
  Natasha (thrice) (D:4)
  Robin (D:4)
  A gnoll (D:3)
  3 adders
  An ufetubus (D:4)
  A worm (D:4)
  4 dart slugs
  5 orcs
  6 bats
  4 endoplasms
  A giant cockroach (D:4)
  12 goblins
  4 hobgoblins
  6 jackals
  4 kobolds
  4 quokkas
  5 ball pythons
  3 frilled lizards
  A rat (D:2)
  A spectral kobold (D:1)
77 creatures vanquished.

Vanquished Creatures (others)
  A goblin (D:4)
1 creature vanquished.

Grand Total: 78 creatures vanquished

Notes
Turn   | Place    | Note
-------+----------+-------------------------------------------
     0 | D:1      | safid the Merfolk Ice Elementalist began the quest for the
                  | Orb.
     0 | D:1      | Reached XP level 1. HP: 13/13 MP: 3/3
    83 | D:1      | You fall into a shaft and drop 1 floor!
   269 | D:1      | Reached XP level 2. HP: 20/20 MP: 3/5
   313 | D:1      | Reached skill level 1 in Fighting
   786 | D:1      | Found a faded altar of an unknown god.
   979 | D:2      | Reached XP level 3. HP: 26/26 MP: 6/6
   983 | D:2      | Learned a level 3 spell: Frozen Ramparts
  1312 | D:2      | Learned a level 2 spell: Ensorcelled Hibernation
  1348 | D:2      | Found a hazy altar of Hepliaklqana.
  1827 | D:3      | Reached skill level 5 in Ice Magic
  1827 | D:3      | Reached XP level 4. HP: 33/33 MP: 3/8
  1932 | D:3      | Reached XP level 5. HP: 39/39 MP: 9/9
  2376 | D:4      | Found a basalt altar of Yredelemnul.
  2389 | D:4      | Noticed Natasha
  2442 | D:4      | Killed Natasha
  2648 | D:4      | Noticed Natasha
  2654 | D:4      | Killed Natasha
  2668 | D:4      | Noticed Natasha
  2675 | D:4      | Killed Natasha
  2986 | D:4      | Reached XP level 6. HP: 43/47 MP: 7/11
  3026 | D:4      | Found a staircase to the Ecumenical Temple.
  3068 | Temple   | Entered the Ecumenical Temple
  3530 | D:4      | Noticed Robin
  3561 | D:4      | Killed Robin
  3770 | D:4      | Found a snail-covered altar of Cheibriados.
  3913 | D:5      | Entered Level 5 of the Dungeon
  3932 | D:5      | Noticed Sigmund
  3945 | D:5      | Reached skill level 6 in Ice Magic
  3952 | D:5      | Killed Sigmund
  3953 | D:5      | Reached XP level 7. HP: 33/55 MP: 4/13
  3989 | D:5      | Learned a level 3 spell: Ozocubu's Armour
  4031 | D:5      | Found a sand-covered staircase.
  4040 | D:5      | HP: 2/55 [mummy (9)]
  4043 | D:5      | Slain by a mummy

Illustrated notes

Levels and vault maps discovered:
D:1:      saegor_arrival_simple_b, layout_basic,
          dreamdust_ecumenical_altar_drowned_temple,
          chequers_serial_rivers_small_b
D:2:      layout_basic, serial_forest, infiniplex_forest_straight_4,
          infiniplex_forest_lined_corner, infiniplex_forest_lined_3,
          infiniplex_forest_lined_room_2, infiniplex_forest_straight_2,
          infiniplex_forest_lined_3_way, infiniplex_forest_clump_curved,
          infiniplex_forest_clump_medium, basic_altar
D:3:      layout_loops_cross, cheibrodos_gnoll_hut
D:4:      layout_gridville, yredelemnul_altar_generic, slow_altar_2,
          minmay_temple_entry_waves, uniq_natasha, uniq_robin
D:5:      layout_basic, zin_angel, nicolae_ossuary_entry_giza, serial_shops,
          nicolae_shop_behind_doors, palyth_stone_intersect, minmay_holes,
          uniq_sigmund
Temple:   nicolae_temple_superstar

Skill      XL: |  1  2  3  4  5  6 |
---------------+-------------------+-----
Fighting       | 1 2 3 4 |  4.5
Ice Magic      | 5 6 |  6.5
Spellcasting   | 3 4 |  4.4
Dodging        | |  2.6
Stealth        | |  2.1

Action                     |  1- 3 |  4- 6 |  7- 9 || total
---------------------------+-------+-------+-------++-------
  Melee: Dagger            |    19 |       |       ||    19
         Long sword        |    32 |    50 |    12 ||    94
   Cast: Freeze            |    26 |    44 |       ||    70
         Frozen Ramparts   |     1 |     8 |     2 ||    11
         Ensorcelled Hiber |       |     2 |     1 ||     3
         Ozocubu's Armour  |       |       |     1 ||     1
    Use: Scroll            |       |    10 |       ||    10
         Potion            |       |       |     1 ||     1
   Stab: Sleeping          |     3 |     2 |     1 ||     6
 Armour: Robe              |    12 |    13 |     1 ||    26
         Skin              |       |    13 |     1 ||    14
  Dodge: Dodged            |    56 |    51 |     8 ||   115
